Map: Catalyst LE

Players

Guru - Winner!

  • Race: Zerg Zerg
  • Spawn Location: 5:00

Creator

  • Race: Protoss Protoss
  • Spawn Location: 11:00

Event: IEM Season 12 - Katowice

VOD

Have the link to the VOD?

Description

Time

  • Played on: Feb. 26, 2018, 12:10 p.m.
  • Length: 9:26

All games in this series

Show
View Real Time Build Order
Export as new Build Order

Guru Zerg - Winner!

Build Orders: Hatch First, Roach Hydra 

Get SALT Encoding   

  12  0:01  Drone  
  13  0:13  Overlord  
  13  0:17  Drone  
  14  0:31  Drone  
  15  0:45  Hatchery  
  15  0:48  Drone  
  15  0:52  Drone  
  15  0:56  Drone  
  17  1:06  Extractor  
  16  1:13  Spawning Pool  
  16  1:15  Drone  
  16  1:20  Drone  
  16  1:23  Drone  
  18  1:32  Drone  
  19  1:59  Queen x2  
  19  2:00  Zergling x2  
  19  2:01  Drone x2  
  26  2:05  Drone  
  27  2:10  Metabolic Boost  
  27  2:14  Drone  
  28  2:22  Overlord  
  28  2:39  Hatchery  
  28  2:42  Drone  
  28  2:47  Zergling x2  
  29  2:52  Queen, Zergling x2  
  29  2:55  Drone  
  33  3:01  Drone x2  
  35  3:06  Overlord  
  35  3:10  Drone  
  36  3:15  Overlord  
  36  3:20  Lair  
  36  3:24  Drone x2  
  38  3:30  Spore Crawler, Drone  
  38  3:32  Drone  
  39  3:36  Drone  
  39  3:38  Drone  
  39  3:40  Drone  
  39  3:41  Drone  
  43  3:44  Drone  
  44  3:50  Roach Warren  
  44  3:53  Drone  
  44  3:54  Drone  
  45  3:56  Drone  
  45  3:58  Drone  
  45  3:59  Drone  
  48  4:04  Overlord  
  48  4:11  Queen  
  48  4:15  Extractor  
  48  4:16  Extractor  
  48  4:21  Drone x2  
  48  4:22  Overlord  
  50  4:25  Drone  
  50  4:29  Glial Reconstitution  
  51  4:31  Roach x3  
  51  4:35  Drone  
  58  4:41  Roach x3  
  58  4:43  Overlord  
  64  4:48  Overlord  
  64  4:51  Overlord  
  64  4:52  Overlord  
  64  4:56  Overlord  
  64  5:05  Overlord  
  64  5:08  Roach  
  64  5:09  Roach  
  64  5:10  Roach x2  
  64  5:12  Roach  
  74  5:16  Roach  
  75  5:23  Roach x2  
  75  5:24  Roach  
  75  5:26  Drone x2  
  75  5:27  Drone  
  84  5:36  Drone x4  
  84  5:38  Drone x2  
  84  5:40  Drone  
  91  5:44  Roach  
  91  5:46  Ravager x2  
  91  5:47  Ravager  
  97  5:50  Zergling x8  
  97  5:52  Zergling x2  
  100  5:59  Hydralisk Den  
  100  6:02  Zergling x6  
  102  6:06  Overlord  
  102  6:09  Drone  
  102  6:10  Overlord  
  103  6:11  Evolution Chamber  
  100  6:19  Drone x2  
  100  6:20  Drone  
  100  6:25  Zergling x10  
  107  6:31  Hydralisk  
  109  6:33  Hydralisk x2, Grooved Spines  
  109  6:35  Hydralisk  
  109  6:37  Hydralisk  
  109  6:39  Overlord  
  117  6:42  Hydralisk  
  119  6:47  Overlord  
  119  6:50  Drone  
  120  6:55  Hydralisk  
  122  7:02  Zerg Missile Weapons Level 1, Overlord  
  122  7:03  Zergling x6  
  122  7:06  Zergling x10  
  130  7:10  Hydralisk  
  130  7:11  Hydralisk  
  133  7:17  Drone x3  
  135  7:25  Drone x3  
  138  7:33  Extractor  
  138  7:34  Drone x2  
  138  7:35  Hydralisk  
  140  7:38  Hydralisk x2  
  140  7:39  Hatchery  
  140  7:41  Drone  
  144  7:44  Overseer  
  144  7:48  Extractor  
  144  7:49  Drone x2  
  145  7:51  Overlord  
  145  7:56  Overlord  
  145  7:57  Overlord  
  145  7:58  Overlord  
  145  8:09  Overlord, Muscular Augments  
  145  8:10  Drone  
  145  8:11  Drone x2, Extractor  
  145  8:12  Drone x3  
  150  8:18  Hydralisk x2  
  154  8:21  Hydralisk x3  
  154  8:27  Evolution Chamber, Hydralisk x3  
  159  8:31  Hydralisk  
  167  8:34  Hydralisk  
  167  8:36  Hydralisk  
  171  8:41  Hydralisk  
  171  8:42  Hydralisk  
  175  8:50  Spore Crawler  
  175  8:51  Drone  
  175  8:52  Spore Crawler  
  174  8:58  Hydralisk x4  
  174  9:00  Overlord  
  182  9:04  Zergling x2  
  182  9:05  Zergling x4  
Show
View Real Time Build Order
Export as new Build Order

Creator Protoss 

Build Orders: 1 Gate Expand, Oracle Opening, Phoenix Opening 

Get SALT Encoding   

  12  0:00  Probe  
  13  0:12  Probe  
  14  0:20  Pylon  
  14  0:24  Probe  
  15  0:38  Probe (Chrono Boost)  
  16  0:44  Gateway  
  16  0:47  Probe (Chrono Boost)  
  16  0:48  Assimilator  
  17  0:52  Probe (Chrono Boost)  
  18  1:04  Probe  
  19  1:20  Nexus  
  19  1:31  Cybernetics Core  
  19  1:33  Probe (Chrono Boost)  
  20  1:43  Probe (Chrono Boost)  
  20  1:45  Assimilator  
  21  1:47  Probe (Chrono Boost)  
  21  1:51  Pylon  
  22  1:59  Probe  
  23  2:08  Adept (Chrono Boost)  
  23  2:11  Probe  
  26  2:22  Stargate  
  26  2:24  Probe  
  26  2:27  Adept  
  29  2:32  Probe  
  30  2:39  Probe  
  30  2:41  Warp Gate  
  31  2:50  Probe  
  31  2:52  Probe  
  32  3:04  Adept (Chrono Boost)  
  36  3:07  Phoenix (Chrono Boost)  
  36  3:10  Gateway  
  38  3:14  Shield Battery  
  36  3:24  Oracle (Chrono Boost)  
  39  3:29  Shield Battery  
  39  3:31  Probe  
  39  3:32  Probe  
  41  3:37  Gateway  
  41  3:45  Probe x2  
  43  3:49  Pylon  
  43  3:54  Twilight Council  
  43  3:58  Probe x2  
  43  4:00  Pylon  
  45  4:15  Probe  
  45  4:16  Probe  
  47  4:28  Probe x2  
  47  4:31  Resonating Glaives (Chrono Boost)  
  49  4:34  Robotics Facility  
  49  4:36  Assimilator  
  49  4:40  Probe (Chrono Boost), Assimilator  
  49  4:41  Probe (Chrono Boost)  
  49  4:43  Pylon  
  51  4:47  Pylon  
  51  4:49  Forge  
  51  4:52  Probe (Chrono Boost)  
  53  4:54  Adept x2  
  53  4:57  Probe (Chrono Boost)  
  57  5:01  Probe (Chrono Boost)  
  57  5:03  Adept  
  57  5:04  Probe  
  61  5:11  Pylon, Void Ray  
  65  5:20  Pylon, Immortal (Chrono Boost)  
  69  5:41  Sentry  
  71  5:48  Protoss Ground Weapons Level 1  
  71  5:49  Probe x2, Gateway x2  
  73  5:55  Immortal (Chrono Boost)  
  77  6:02  Sentry  
  77  6:04  Adept, Photon Cannon  
  79  6:06  Pylon  
  81  6:11  Probe x2  
  83  6:25  Sentry  
  81  6:28  Immortal (Chrono Boost)  
  81  6:30  Probe  
  81  6:31  Probe  
  87  6:39  Gateway  
  87  6:41  Pylon  
  87  6:58  Immortal (Chrono Boost)  
  87  7:00  Nexus  
  88  7:01  Pylon  
  88  7:03  Dark Shrine  
  88  7:08  Adept, Sentry  
  92  7:15  Nexus  
  92  7:26  Adept x2, Sentry  
  92  7:29  Warp Prism  
  98  7:31  Gateway x2  
  98  7:32  Adept x2  
  104  7:48  Sentry  
  104  7:49  Adept  
  108  7:55  Adept x4  
  116  8:02  Pylon  
  116  8:03  Pylon  
  116  8:12  Probe x2  
  118  8:16  Pylon  
  118  8:31  Dark Templar x2  
  118  8:32  Adept x4  
  130  8:38  Observer  
  127  8:55  Sentry x2  
  127  8:56  Adept x3  
  127  8:57  Adept  
  127  9:08  Adept x3  
  127  9:09  Adept x3  

Tags
 
Add a new tag
Caveats
  • Supply blocks, unpowered buildings, or Contaminate may cause inaccurate times.
  • Supply counts are checked every 10 seconds.